[Event "Championnat d'Europe Rapide"]
[Date "2024.12.08"]
[White "Paichadze, Luka"]
[Black "Sarana, Alexey"]
[WhiteElo "2532"]
[BlackElo "2674"]
[Round "9.8"]
[Result "1-0"]
[TimeControl "900+10"]

1. e4 c5 2.
Nf3 d6 3. d4 cxd4 4. Qxd4 Nf6 5. Bg5 Nc6 6. Bb5 Qa5+ 7. Nc3 Qxb5 8. Nxb5 Nxd4 9.
Nfxd4 Nxe4 10. Nc7+ Kd8 11. Nxa8 Nxg5 12. Nb5 a6 13. Nc3 Bf5 14. O-O-O Ne4 15. Nxe4 Bxe4 16. f3 Bc6 17. Nb6 e6 18. Nc4 Kc7 19. Na5 Bd7 20. c4 h5 21. Rd3 h4 22. Rhd1 Be7 23. Nb3 Rh6 24. Nc5 Bc6 25. Ne4 Rg6 26. g3 hxg3 27.
hxg3 f5 28.
Nxd6 Rxg3 29. c5 Rg2 30. Re1 Bg5+ 31. Kb1 Bf6 32. Rb3 Bd5 33. Ne8+ Kc6 34. Nxf6 gxf6 35. Rc3 Rf2 36. a4 a5 37. Kc1 f4 38. Rd1 e5 39. Rd2 Rf1+ 40. Kc2 f5 41. Rh2 Bxf3 42. Rh6+ Kc7 43.
Rh7+ Kc6 44.
Rh6+ Kc7 45. Rh7+ Kb8 46. Rh8+ Ka7 47. Re8 Be4+ 48. Kd2 Rf2+ 49. Kc1 f3 50. c6 bxc6 51. Rxe5 Rh2 52. Rb3 f2 53. Rxa5# 1-0

[Site "Europe Echecs"]

[Event "Championnat d'Europe Rapide"]
[Date "2024.12.08"]
[White "Muradli, Mahammad"]
[Black "Pultinevicius, Paulius"]
[WhiteElo "2588"]
[BlackElo "2579"]
[Round "9.9"]
[Result "1-0"]
[TimeControl "900+10"]

1. Nf3 d5 2.
c4 e6 3. g3 Nf6 4. Bg2 d4 5. b4 c5 6. Bb2 cxb4 7. Nxd4 e5 8. Nc2 Nc6 9. a3 bxa3 10.
Bxa3 Bxa3 11. Rxa3 Be6 12. Ne3 O-O 13. O-O Qd6 14. Ra2 a5 15. Nc3 Nb4 16. Ra1 Qd7 17. d3 Bh3 18. Qa4 Qc8 19. Bxh3 Qxh3 20. Qb5 Nc2 21. Ncd5 Nxa1 22. Nxf6+ gxf6 23. Rxa1 Qe6 24. Rxa5 Rxa5 25. Qxa5 Qc6 26. Nd5 Kg7 27. e4 f5 28. Ne7 Qe6 29.
Nxf5+ Kh8 30. Qc7 b6 31. Nd6 Kg8 32. Kg2 h5 33. h4 Kh8 34. Qxb6 Kg8 35. c5 Ra8 36. Qb1 Ra2 37. Qd1 Qf6 38. Nf5 Ra5 39. Qc1 Ra7 40. Qb2 Kh7 41. Ne3 Ra5 42. Nd5 Qe6 43. Qc3 Ra2 44. c6 Qd6 1-0

[Site "Europe Echecs"]

[Event "Championnat d'Europe Rapide"]
[Date "2024.12.08"]
[White "Lagarde, Maxime"]
[Black "Janik, Igor"]
[WhiteElo "2600"]
[BlackElo "2515"]
[Round "9.10"]
[Result "0-1"]
[TimeControl "900+10"]

1. e4 c6 2. d4 d5 3. e5 Bf5 4. Nf3 e6 5. Be2 Ne7 6. c3 Nd7 7. O-O c5 8. dxc5 Nxc5 9. Nd4 Bg6 10. h4 h5 11. Bg5 a6 12. Nd2 Qb6 13. c4 Qxb2 14. Be3 Rd8 15. Rc1 Qxa2 16. Ra1 Qb2 17. Ra5 b6 18. Rxc5 bxc5 19. Qa4+ Rd7 20. N4b3 Bc2 21. Bxc5 Bxb3 22. Nxb3 Qxe2 23. Rc1 Qxe5 24. Ba3 dxc4 25. Nc5 Qd5 26. Nxd7 Qxd7 27. Qxc4 f6 28. Qxa6 Kf7 29. Rb1 Qd5 30. Rb7 Qa2 31. Qa7 Kg6 32. Bxe7 Qxa7 33. Rxa7 Bxe7 34. Rxe7 e5 35. g3 Rg8 36.
Kg2 Kf5 37.
Kf3 g6 38. Rb7 Rd8 39. Rb6 Rd3+ 40. Ke2 Ra3 41. Rc6 Ra4 42. Kf3 Ra3+ 43. Kg2 Ra7 44. Rb6 Re7 45. Kf3 Re6 46. Rb3 Ra6 47. Rc3 Rd6 48. Rc4 Ke6 49. Ra4 Rb6 50. Ra5 Kf5 51. Rc5 g5 52. hxg5 Rb3+ 53. Kg2 Kxg5 54. Rc8 Rb7 55. Rg8+ Kf5 56. Rh8 Kg6 57. Rg8+ Rg7 58. Ra8 Rh7 59. Kh3 Kf5 60. Rf8 Rh6 61. Ra8 h4 62. Ra4 hxg3+ 63. Kxg3 Rg6+ 64. Kf3 Rg1 65. Rb4 Kg5 66. Rb5 Ra1 67. Kg3 Rg1+ 68. Kf3 Kf5 69. Rb6 e4+ 70. Ke2 Ra1 71. Rb5+ Kf4 72. Rh5 f5 73. Rh4+ Kg5 74. Rh8 Kg4 75. Rg8+ Kf4 76. Rh8 Ra2+ 77. Kf1 Ra6 78. Ke2 Rb6 79. Rh7 Rb8 80. Rh4+ Kg5 81. Rh7 f4 82. Rg7+ Kf6 83. Ra7 Rb2+ 84. Ke1 Kf5 85. f3 e3 86. Ra5+ Kf6 87. Rh5 Rf2 88. Rh3 Ke5 89. Rh8 Rxf3 90. Re8+ Kf6 91. Rf8+ Ke7 92. Rf5 Ke6 93. Rf8 Rf2 94. Kd1 Ke5 0-1

[Site "Europe Echecs"]

[Event "Championnat d'Europe Rapide"]
[Date "2024.12.08"]
[White "Peyrer, Konstantin"]
[Black "Fridman, Daniel"]
[WhiteElo "2440"]
[BlackElo "2571"]
[Round "9.11"]
[Result "0-1"]
[TimeControl "900+10"]

1. Nf3 d5 2.
g3 Nd7 3. d4 Nb6 4. Bg2 Bf5 5. a4 a5 6. Nc3 Nf6 7. Ne5 e6 8. O-O Be7 9. f3 h6 10. e4 Bh7 11. Be3 O-O 12. Qe2 Re8 13. Bf2 Bb4 14. Nd3 c6 15. g4 Nc4 16. e5 Nxb2 17.
Nxb4 axb4 18. exf6 bxc3 19. fxg7 Qg5 20. a5 Qd2 21. Qe5 Nc4 22. Qc7 Bxc2 23. Ra2 b5 24. g5 hxg5 25. Be1 Qd3 26. Qg3 b4 27. Qh3 Kxg7 28. Qg3 b3 29. Ra4 b2 30. Rxc4 dxc4 31. Qxg5+ Qg6 32. Qe5+ f6 33. Qc7+ Kh8 34. Bxc3 Rg8 0-1

[Site "Europe Echecs"]

[Event "Championnat d'Europe Rapide"]
[Date "2024.12.08"]
[White "Grigorov, Grigor"]
[Black "Subelj, Jan"]
[WhiteElo "2497"]
[BlackElo "2526"]
[Round "9.12"]
[Result "1/2-1/2"]
[TimeControl "900+10"]

1. d4 Nf6 2. Nf3 c6 3. c4 d5 4. e3 Bg4 5. h3 Bh5 6. Nc3 e6 7. Qb3 Qb6 8. Nh4 Be7 9. g4 Bg6 10. Nxg6 hxg6 11. Bg2 g5 12. Bd2 Nbd7 13. O-O-O a5 14. Qxb6 Nxb6 15. c5 Nbd7 16. Na4 e5 17. Kc2 Nh7 18. Bc3 exd4 19.
Bxd4 Bf6 20.
e4 dxe4 21.
Bxe4 Bxd4 22. Rxd4 g6 23. Re1 O-O-O 24. Bd3 Rhe8 25. Rde4 Rxe4 26. Rxe4 Nhf6 27. Rd4 Ne5 28. Nb6+ Kc7 29. Rxd8 Kxd8 30. Nc4 Nfd7 31. Nxe5 Nxe5 32. Kc3 Ke7 33. Be2 Ke6 34. Kd4 f5 35. b3 Kf6 36. a3 Ke6 37. b4 axb4 38. axb4 Kf6 39. Bd1 Ke6 40. Bb3+ Kf6 41. Bd1 Ke6 42. Bb3+ Kf6 1/2-1/2

[Site "Europe Echecs"]

[Event "Championnat d'Europe Rapide"]
[Date "2024.12.08"]
[White "Schneider, Ilja"]
[Black "Saric, Ante"]
[WhiteElo "2414"]
[BlackElo "2482"]
[Round "9.13"]
[Result "1/2-1/2"]
[TimeControl "900+10"]

1. e4 c5 2.
Nc3 g6 3. d4 cxd4 4. Qxd4 Nf6 5. Nf3 Nc6 6. Qa4 d6 7. e5 dxe5 8. Nxe5 Bg7 9. Bb5 O-O 10. Nxc6 bxc6 11. Bxc6 Rb8 12. O-O Qc7 13. Re1 Rb6 14. Bf3 Bb7 15. Nb5 Qd7 16. Bxb7 Qxb7 17. c4 a6 18. Nc3 Rb4 19. Qa3 e6 20. b3 Ng4 21. Bb2 Qb8 22. h3 Ne5 23. Re2 Nd3 24. Nd1 Rd8 25. Bxg7 Kxg7 26. Rd2 Qe5 27. Nb2 Qc3 28. Rdd1 a5 29. Rab1 Rbb8 30. Nxd3 Rxd3 31. Rdc1 Qd4 32. Qb2 Qxb2 33. Rxb2 a4 34. Rcb1 Rc3 35. Kf1 a3 36. Rd2 Rxc4 37. Ke1 Rc3 38. Rbd1 Rb5 39. Rd3 Rc2 40. R1d2 Rc1+ 41. Rd1 Rc2 42. R1d2 Rb2 43. Ke2 Re5+ 44. Re3 Rc5 45. Kd1 Rb1+ 46. Ke2 Rcc1 47. b4 Re1+ 48. Kf3 Rb2 49. Rdd3 Rxe3+ 50. Kxe3 Rxa2 51. Rb3 Rb2 52. Rxa3 Rxb4 53. Ra5 h6 54. g3 g5 55. Kf3 Kg6 56. Ra8 Kg7 57. Rc8 h5 58. Ra8 h4 59. g4 Kf6 60. Rg8 Rb3+ 61. Kg2 Rb5 62. Kf3 Ra5 63. Kg2 Ke7 64. Kf3 Rc5 65. Kg2 Kf6 66. Kf3 Rc3+ 67. Kg2 Ra3 68. Kh2 e5 69. Re8 Ra5 70. Kg2 Kg7 71. Kf3 f6 72. Re7+ Kg6 73. Kg2 Ra8 74. Kf3 Rf8 75. Ra7 Rf7 76. Ra6 Rd7 77. Ke4 Rd4+ 78. Kf3 Kf7 79. Rb6 Ke7 80. Ra6 Rd3+ 81. Kg2 Rd6 82. Ra5 Ke6 83.
Kf3 Rd3+ 84.
Kg2 e4 85.
Ra8 Rd6 86.
Ra5 Rd5 87.
Ra8 Rd6 88.
Ra5 Rd2 89.
Kg1 Rd3 90.
Kg2 e3 91.
Ra6+ Ke5 92.
Ra5+ Ke4 93.
Ra4+ Rd4 94.
Rxd4+ Kxd4 95. Kf3 exf2 96. Kxf2 Ke4 97. Ke2 Kd5 98. Kd3 Ke5 99. Ke3 Ke6 100. Ke4 f5+ 101. gxf5+ Kf6 102. Ke3 Ke5 103. Kf2 Kxf5 104. Kf3 Kg6 105. Ke3 Kf6 106. Ke4 Ke6 107. Ke3 Ke5 108. Kf3 Kf5 109. Ke3 1/2-1/2

[Site "Europe Echecs"]

[Event "Championnat d'Europe Rapide"]
[Date "2024.12.08"]
[White "Gavrilescu, David"]
[Black "Samunenkov, Ihor"]
[WhiteElo "2549"]
[BlackElo "2543"]
[Round "9.14"]
[Result "1/2-1/2"]
[TimeControl "900+10"]

1. e4 e5 2.
Nf3 Nf6 3.
d4 Nxe4 4.
dxe5 d5 5.
Nbd2 Qd7 6.
Bd3 Nc5 7.
Be2 Ne6 8.
O-O Be7 9.
Re1 O-O 10.
Nf1 c5 11.
Ng3 Rd8 12.
h4 Nc6 13.
Bd3 g6 14.
c3 c4 15.
Bc2 d4 16.
Ne4 d3 17.
Ba4 Qd5 18.
Bxc6 bxc6 19. Qd2 Kh8 20. h5 g5 21. Nf6 Bxf6 22. exf6 h6 23. b3 c5 24. bxc4 Qf5 25. Rb1 Nf4 26. Ne5 Be6 27. Rb7 Qxf6 28. g3 Ne2+ 29. Rxe2 dxe2 30. Qxe2 Re8 31.
f4 Rad8 32.
Be3 Rg8 33.
fxg5 hxg5 34. Bxc5 Qf5 35. Bd4 Kh7 36. Nc6 Rde8 37. Ne7 Rxe7 38. Rxe7 Rb8 39. Rxe6 Qxe6 40.
Qxe6 fxe6 41. Bxa7 Ra8 42. Be3 Kh6 43. g4 Rxa2 44. c5 Ra4 45. Bd4 e5 46. Bxe5 Rxg4+ 47. Kf2 Rc4 48. Bd4 Kxh5 49. Ke3 Kg6 50. Ke4 Kf7 51. Kf5 Ke7 52. Kxg5 Ke6 53. Kf4 Kd5 54. Kf5 Rxc5 55. Bxc5 Kxc5 56. Ke5 Kc4 57. Ke4 Kxc3 1/2-1/2

[Site "Europe Echecs"]

[Event "Championnat d'Europe Rapide"]
[Date "2024.12.08"]
[White "Cvitan, Ognjen"]
[Black "Mohr, Georg"]
[WhiteElo "2413"]
[BlackElo "2385"]
[Round "9.15"]
[Result "0-1"]
[TimeControl "900+10"]

1. d4 e6 2.
e4 d5 3.
exd5 exd5 4.
Nf3 Nf6 5.
Bd3 c5 6.
Bb5+ Bd7 7.
Bxd7+ Nbxd7 8. O-O Be7 9. dxc5 Nxc5 10. Nc3 O-O 11. Be3 a6 12. Nd4 Qd7 13. Qf3 Nce4 14. Nf5 Rfe8 15. Rad1 Nxc3 16. bxc3 Qc6 17. Bd4 Rac8 18. Rfe1 Bf8 19. Nh6+ gxh6 20. Bxf6 Bg7 21. Bxg7 Kxg7 22. Rxe8 Rxe8 23.
g3 Re4 24.
Kg2 b5 25.
Qf5 d4 26.
f3 Re2+ 27.
Kf1 Re3 28.
Qg4+ Kf8 29. Qxd4 Qxc3 30. Qd6+ Kg7 31. Rd3 Rxd3 32.
Qxd3 Qxd3+ 33. cxd3 Kf6 34. d4 Ke6 35. Ke2 Kd5 36. Kd3 b4 37. g4 a5 38. h4 a4 0-1

[Site "Europe Echecs"]

[Event "Championnat d'Europe Rapide"]
[Date "2024.12.08"]
[White "Livaic, Leon"]
[Black "Danov, Lyubomir"]
[WhiteElo "2560"]
[BlackElo "2297"]
[Round "9.16"]
[Result "1-0"]
[TimeControl "900+10"]

1. d4 d5 2.
c4 c6 3.
cxd5 cxd5 4. Bf4 Nc6 5. e3 e6 6. Nc3 Bd6 7. Bxd6 Qxd6 8. Bd3 Nge7 9. Nf3 f5 10. O-O O-O 11. Qb3 b6 12. Rfc1 Bd7 13. Nb5 Qb8 14. Qa3 a6 15. Nc3 b5 16. Ne2 b4 17. Qb3 Rc8 18. Rc5 a5 19. Rac1 a4 20. Qd1 a3 21. b3 Qd6 22. Bb5 Ng6 23. Qd2 Rab8 24. Bxc6 Rxc6 25. Rxc6 Bxc6 26. Nf4 Nxf4 27. exf4 h6 28. Ne5 Be8 29. Rc5 Kh7 30. Qc2 Qe7 31. Rc7 Qh4 32.
Rxg7+ Kxg7 33. Qc7+ Kf8 34. Qxb8 Qh5 35. f3 Kg7 36. Qd8 Bb5 37. Qe7+ Kh8 38. Qf8+ Kh7 39. Qe7+ Kh8 40. Qxb4 Qe8 41. Qxa3 Qc8 42. Qc5 Qa6 43. Qf8+ Kh7 44. Qf7+ 1-0

[Site "Europe Echecs"]

[Event "Championnat d'Europe Rapide"]
[Date "2024.12.08"]
[White "Domingo Nunez, Ruben"]
[Black "Kazakouski, Valery"]
[WhiteElo "2409"]
[BlackElo "2567"]
[Round "9.17"]
[Result "0-1"]
[TimeControl "900+10"]

1. e4 e5 2.
Nf3 Nc6 3.
Bc4 Bc5 4.
c3 Nf6 5. d3 d6 6. O-O a6 7. Bb3 Ba7 8. Nbd2 O-O 9. h3 h6 10. Re1 Be6 11. Bc2 Ne7 12. Nf1 Ng6 13. Ng3 Re8 14. d4 c6 15. Be3 Qc7 16. Qd2 b5 17. Nf5 Bxf5 18.
exf5 Nf8 19.
Bxh6 N8h7 20. Be3 Nd5 21. dxe5 Nxe3 22. exd6 Qb6 23. Rxe3 Qxe3 24. fxe3 Bxe3+ 25. Qxe3 Rxe3 26. Kf2 Ree8 27. a4 Rad8 28. axb5 axb5 29. Ra7 Nf6 30. Ng5 Rxd6 31. Bb3 Rd2+ 32.
Kf3 Nd5 33.
Bxd5 Rxd5 34. g4 Rd3+ 35. Kf4 f6 36. Ne6 g5+ 37. fxg6 Rxe6 38. Kf5 Red6 39. h4 R3d5+ 40. Kf4 Rd7 41. Ra8+ Rd8 42. Ra7 R5d7 43. Ra6 Rd6 44.
h5 Kg7 45.
g5 R8d7 46.
Ra8 fxg5+ 47. Kxg5 Rd5+ 48. Kg4 b4 49.
Rc8 bxc3 50.
bxc3 Rc5 51. Re8 Rxc3 52. Re4 Rcd3 53. Kf5 R3d5+ 54. Ke6 Rd8 55. Rh4 Re8# 0-1

[Site "Europe Echecs"]

[Event "Championnat d'Europe Rapide"]
[Date "2024.12.08"]
[White "Magold, Filip"]
[Black "Stojanovski, Dejan"]
[WhiteElo "2428"]
[BlackElo "2407"]
[Round "9.18"]
[Result "0-1"]
[TimeControl "900+10"]

1. e4 d6 2. d4 Nf6 3. Nc3 e5 4. Nf3 Nbd7 5. Rg1 h5 6. Bc4 Be7 7. Bxf7+ Kxf7 8. Ng5+ Kg6 9. Ne6 Qg8 10. Nxc7 Rb8 11. g4 hxg4 12. N3d5 Qf7 13. Be3 Nb6 14. Nxb6 axb6 15. Qd3 Kh7 16. d5 Bd7 17. Bxb6 Bd8 18. f4 gxf3 19. Qxf3 Rc8 20. Ne6 Bxe6 21. dxe6 Qxe6 22. Bxd8 Rhxd8 23. Rg2 Rf8 24. b3 d5 25. O-O-O Nxe4 26. Qh5+ Qh6+ 27. Qxh6+ Kxh6 28. Rxd5 Rf2 29. Rxf2 Nxf2 30. Kd2 e4 31. c4 Ng4 32. h3 Nf6 33. Rb5 Rd8+ 34. Ke2 Rd3 35. Rxb7 Rxh3 36. c5 Rh2+ 37. Ke3 Rxa2 38. b4 Rc2 39. Rb8 Rc4 40. Kf4 Rxb4 41. Rc8 Kg6 42. c6 Rc4 43.
Ke3 Nd5+ 44.
Ke2 Ne7 0-1

[Site "Europe Echecs"]

[Event "Championnat d'Europe Rapide"]
[Date "2024.12.08"]
[White "Kilic, Eray"]
[Black "Navara, David"]
[WhiteElo "2459"]
[BlackElo "2665"]
[Round "9.19"]
[Result "1/2-1/2"]
[TimeControl "900+10"]

1. e4 c5 2. Nf3 d6 3. Bb5+ Nd7 4. d4 cxd4 5. Nxd4 Ngf6 6. O-O a6 7. Bd3 Nc5 8. Nc3 g6 9. Re1 Bg7 10. Bf1 O-O 11. Nb3 Nxb3 12. axb3 Bd7 13. Bf4 Re8 14. Qd2 Bc6 15. Bh6 Bh8 16. h3 d5 17. e5 Ne4 18. Qd4 e6 19. Bf4 Rc8 20. Rad1 Qc7 21. Nxe4 dxe4 22. c4 Red8 23. Qc3 Rxd1 24.
Rxd1 Rd8 25.
Rd4 Bg7 26.
b4 Rxd4 27.
Qxd4 g5 28.
Bg3 h6 29.
Be2 Qe7 30.
c5 Bd5 31.
b5 axb5 32.
Bxb5 f5 33.
exf6 Qxf6 34. Qxf6 Bxf6 35. b3 Bd4 36. Bd6 Bxb3 37. c6 bxc6 38. Bxc6 Bd5 39. Be8 Kg7 40. Bh5 e3 41. fxe3 Bxe3+ 42. Kf1 Bf4 43. Bc5 Bg3 44. Be2 Kg6 45. Bd3+ Kf6 46. Be2 e5 47. Bd6 Kf5 48. Bf3 Bf7 49. Ke2 h5 50. Ke3 Ke6 51. Bc5 Bf4+ 52. Kd3 Be8 53. Be4 Bb5+ 54. Kc3 Be2 55. Kc2 h4 56. Kc3 Kf6 57. Bf3 Bxf3 58. gxf3 e4 59. Kd4 Kf5 60. fxe4+ Kg6 61. Kd3 g4 62. hxg4 h3 63. Bg1 Kg5 64. Ke2 Kxg4 65. Kf1 Kf3 66. Bh2 Bxh2 67. e5 Bf4 68. Kg1 h2+ 69. Kh1 Bxe5 1/2-1/2

[Site "Europe Echecs"]

[Event "Championnat d'Europe Rapide"]
[Date "2024.12.08"]
[White "Santos Latasa, Jaime"]
[Black "Saraci, Nderim"]
[WhiteElo "2628"]
[BlackElo "2431"]
[Round "9.20"]
[Result "1/2-1/2"]
[TimeControl "900+10"]

1. Nf3 d5 2.
e3 Nf6 3. c4 e6 4. Nc3 Be7 5. b3 O-O 6. Bb2 c5 7. cxd5 exd5 8. d4 Nc6 9. Be2 Ne4 10. dxc5 Bf6 11. Rc1 Qa5 12. Nd4 Nxc5 13.
Nxc6 bxc6 14. Qd2 Bd7 15. Nd1 Qxd2+ 16. Kxd2 Ne4+ 17. Ke1 Be7 18. f3 Nf6 19. Nf2 a5 20. Nd3 Rfb8 21. Be5 Rb7 22. Nc5 Bxc5 23. Rxc5 a4 24. Bd1 axb3 25. Bxb3 Ra6 26. Kf2 Be6 27. Bd4 Nd7 28. Rc3 Nf8 29. Rhc1 Bd7 30. R3c2 Ne6 31. Ba1 Ra5 32. g4 Rbb5 33. Bc3 Nc5 34. Bxa5 Nd3+ 35. Ke2 Nxc1+ 36. Rxc1 Rxa5 37. Kd3 Kf8 38. Kd4 Ke7 39. Rc5 Ra8 40. e4 dxe4 41. Kxe4 f6 42. Kd4 Kd6 43. Rc2 Ra5 44. Rd2 h5 45. h3 hxg4 46. hxg4 g5 47. Kc3+ Kc7 48. Rh2 Re5 49. Kd2 f5 50. gxf5 Bxf5 51. Rg2 Bd7 52. Rh2 Bf5 53. Rh6 Bd7 54. Rg6 Be8 55. Rf6 Bd7 56. Bc2 Ra5 57. Bb3 Rf5 58. Rg6 Rxf3 1/2-1/2

[Site "Europe Echecs"]

[Event "Championnat d'Europe Rapide"]
[Date "2024.12.08"]
[White "Deac, Bogdan-Daniel"]
[Black "Stankovic, Milos"]
[WhiteElo "2696"]
[BlackElo "2462"]
[Round "9.21"]
[Result "1/2-1/2"]
[TimeControl "900+10"]

1. Nf3 d5 2.
e3 Nf6 3. c4 e6 4. Nc3 c5 5. cxd5 exd5 6. Bb5+ Bd7 7. Bxd7+ Nbxd7 8. b3 Be7 9. Bb2 O-O 10. d4 Re8 11. O-O a6 12. dxc5 Nxc5 13. Rc1 Rc8 14. Nd4 Bf8 15. Nde2 Ne6 16. Qd3 Qa5 17. a3 Nc5 18. Qd1 Ne6 19. b4 Qd8 20. Qb3 a5 21. Rfd1 axb4 22.
axb4 Qd6 23.
Nxd5 Nxd5 24. Rxd5 Rxc1+ 25. Bxc1 Qxb4 26. Qxb4 Bxb4 27. Rb5 Rd8 28. g3 Bd2 29. Bb2 Rd7 30. Kg2 h6 31. h4 Rc7 32. Kf3 Be1 33. Nd4 Nxd4+ 34. Bxd4 Bd2 35. h5 Bc1 36. Rb3 Bd2 37. Rb5 Bc1 38. Bb6 Rd7 39. Rb3 Rd5 40. g4 f5 41. Bd4 fxg4+ 42. Kxg4 b5 43. Rc3 Bd2 44. Rc8+ Kh7 45. f4 Rd7 46. Rc2 Be1 47. Rc1 Bd2 48. Rc2 Be1 49. Rc6 b4 50. Rb6 Bc3 51. Bxc3 bxc3 52. Rc6 Rd3 53. e4 Kg8 54. Kf5 Kf7 55. Rc7+ Kf8 56. e5 Rf3 57. Ke6 Kg8 58. f5 Re3 59. Rc5 Rf3 60. Rc7 Re3 61. Kd6 Rd3+ 62. Ke7 Rd5 63. Rc8+ Kh7 64. e6 Rxf5 65. Rxc3 Rxh5 66. Kd6 Rh1 67. Rc5 Kg6 68. Re5 Rd1+ 69. Ke7 h5 70. Re2 h4 71. Rg2+ Kh5 72. Rxg7 h3 73. Kf6 Rf1+ 74. Ke5 Re1+ 75. Kd5 Kh4 76. Kd6 h2 77. Rh7+ Kg3 78. e7 Rxe7 79. Kxe7 Kg2 80. Ke6 1/2-1/2

[Site "Europe Echecs"]

[Event "Championnat d'Europe Rapide"]
[Date "2024.12.08"]
[White "Motylev, Alexander"]
[Black "Costachi, Mihnea"]
[WhiteElo "2596"]
[BlackElo "2464"]
[Round "9.22"]
[Result "1-0"]
[TimeControl "900+10"]

1. e4 e5 2. Nf3 Nc6 3. d4 exd4 4. Nxd4 Nf6 5. Nxc6 bxc6 6. e5 Qe7 7. Qe2 Nd5 8. Nd2 a5 9. g3 Ba6 10. Qe4 Bxf1 11. Kxf1 g6 12. c4 Nb4 13. Kg2 Bg7 14. Re1 O-O 15. Nf3 f6 16. a3 Na6 17. Qh4 Rae8 18. exf6 Qxf6 19. Qxf6 Bxf6 20. Rd1 Nc5 21. Be3 Nb3 22. Rab1 d6 23. Nd2 Nd4 24. Bxd4 Bxd4 25. Nf3 Ba7 26. Re1 a4 27. Rxe8 Rxe8 28. Re1 Rb8 29. Re2 h6 30. h4 Kf7 31. g4 Rb3 32. Rd2 Kf6 33. Kg3 Bb6 34. Kf4 d5 35. g5+ hxg5+ 36.
hxg5+ Kg7 37. Ne5 Bc5 38. Nxc6 Bd6+ 39. Kg4 dxc4 40.
Na5 Rb5 41.
Nxc4 Rb3 42.
f4 Kf7 43.
Nxd6+ cxd6 44. Rxd6 Rxb2 45. Rf6+ Kg7 46. Ra6 Rb3 47. Rxa4 Rc3 48. Ra7+ Kg8 49. a4 Ra3 50. f5 gxf5+ 51. Kxf5 Rc3 52. a5 Rc5+ 53. Kg6 Rc6+ 54. Kh5 Rd6 55. a6 Rc6 56. g6 Rc1 57. Rb7 Rh1+ 58. Kg5 Ra1 59. a7 Ra2 60. Kf5 Rf2+ 61. Ke4 1-0

[Site "Europe Echecs"]

[Event "Championnat d'Europe Rapide"]
[Date "2024.12.08"]
[White "Ragger, Markus"]
[Black "Savanovic, Aleksandar"]
[WhiteElo "2577"]
[BlackElo "2354"]
[Round "9.23"]
[Result "1-0"]
[TimeControl "900+10"]

1. d4 Nf6 2. c4 e6 3. Nf3 d5 4. g3 Be7 5. Bg2 O-O 6. O-O dxc4 7. Qc2 a6 8. a4 Bd7 9. Qxc4 Bc6 10. Bg5 Bd5 11. Qc2 Be4 12. Qd1 c5 13. dxc5 Bxc5 14. Nbd2 Bc6 15. Ne5 Bxg2 16.
Kxg2 Bd4 17.
Nd3 h6 18.
Bxf6 Bxf6 19. Qb3 Nc6 20. Rfd1 Na5 21. Qa2 Qb6 22. Rac1 Be7 23. b4 Nc6 24. Nc4 Qa7 25. Qb2 Rfd8 26. a5 Qd4 27. Qxd4 Rxd4 28. e3 Rdd8 29. Nc5 Rxd1 30. Rxd1 Nxb4 31. Nxb7 Rc8 32. Nb6 Rc2 33. Nd6 Bxd6 34. Rxd6 Rc5 35. Rd8+ Kh7 36.
Nd7 Rxa5 37.
Nf8+ Kg8 38.
Nxe6+ Kh7 39. Nf8+ Kg8 40. h4 h5 41. Ne6+ Kh7 42. Ng5+ Kg6 43. Rd6+ f6 44. Ne6 Kh6 45. Rd7 Re5 46. Nxg7 Kg6 47. f4 Rxe3 48. f5+ Kh6 49. Nxh5 Re5 50. g4 Nd5 51. Kf3 a5 52. Rd6 Re3+ 1-0

[Site "Europe Echecs"]

[Event "Championnat d'Europe Rapide"]
[Date "2024.12.08"]
[White "Papasimakopoulos, Alexandros"]
[Black "Mamedov, Rauf"]
[WhiteElo "2379"]
[BlackElo "2656"]
[Round "9.24"]
[Result "0-1"]
[TimeControl "900+10"]

1. d4 d6 2.
Nf3 g6 3. c4 Bg7 4. Nc3 Nf6 5. Bg5 h6 6. Bh4 Nc6 7. d5 Nb8 8. h3 e5 9. dxe6 Bxe6 10. e3 Nc6 11. Be2 O-O 12. O-O Re8 13. Nd4 Nxd4 14. exd4 c6 15. Qd2 Ne4 16. Bxd8 Nxd2 17. Rfd1 Nxc4 18. Bxc4 Bxc4 19. Bh4 f5 20. Bg3 Rad8 21. Rac1 Bf7 22. f3 b5 23. b3 b4 24. Na4 Re2 25. Rxc6 Rxa2 26. d5 Be8 27. Bxd6 Bxc6 28. dxc6 Rc2 0-1

[Site "Europe Echecs"]

[Event "Championnat d'Europe Rapide"]
[Date "2024.12.08"]
[White "Aizenberg, Benny"]
[Black "Pichot, Alan"]
[WhiteElo "2425"]
[BlackElo "2637"]
[Round "9.25"]
[Result "1/2-1/2"]
[TimeControl "900+10"]

1. e4 e5 2. Nf3 Nc6 3. Bb5 a6 4. Ba4 Nf6 5. O-O Be7 6. Re1 b5 7. Bb3 d6 8. c3 O-O 9. h3 Nb8 10. d4 Nbd7 11. Nbd2 Bb7 12. a4 c5 13. Bc2 Qc7 14. Bd3 cxd4 15.
cxd4 exd4 16. axb5 Nc5 17. Bf1 axb5 18. Rxa8 Rxa8 19. Bxb5 d3 20. b4 Ncxe4 21.
Nxe4 Bxe4 22. Bg5 d5 23. Bxf6 Bxb4 24. Nd2 gxf6 25. Nxe4 Bxe1 26. Nxf6+ Kh8 27. Qxe1 Qf4 28. Nxd5 d2 29. Qf1 Qe5 30. Ne3 Ra1 31. Be2 Re1 32. g3 f5 33. Kg2 Qe4+ 34. Bf3 d1=Q 35. Nxd1 Qxf3+ 36. Kxf3 Rxf1 37. Ne3 Rh1 38. Kg2 Ra1 39. Nxf5 Kg8 40. Ne3 Kf7 41. f4 Ra3 42. Kf3 Kf6 43. g4 h6 44. Ke4 Ra4+ 45. Kf3 Ra3 46.
h4 Ra5 47.
Nc4 Rc5 48.
Ne5 Ra5 49.
Nc6 Ra6 50.
Nd4 Ra5 51.
Ke4 Rc5 52.
Nf3 Rc4+ 53.
Nd4 Rc5 54.
h5 Rc4 55.
Kd3 Ra4 56.
Ke4 Rc4 57.
Ke3 Rc3+ 58.
Kf2 Rc4 59.
Ke3 Rc3+ 60. Kf2 Rc4 61. Ne2 Ra4 62. Ke3 Ra3+ 63. Ke4 Ra4+ 64. Nd4 Rc4 65. Ke3 Rc3+ 66. Kf2 Rc4 67. Ke3 Rc3+ 68. Ke4 1/2-1/2

[Site "Europe Echecs"]

[Event "Championnat d'Europe Rapide"]
[Date "2024.12.08"]
[White "Dobrikov, Marco"]
[Black "Djukic, Nikola"]
[WhiteElo "2407"]
[BlackElo "2493"]
[Round "9.26"]
[Result "1-0"]
[TimeControl "900+10"]

1. Nf3 Nf6 2. d4 g6 3. c4 Bg7 4. Nc3 O-O 5. e4 d6 6. Be2 Nbd7 7. O-O e5 8. Be3 Re8 9. d5 Nh5 10. b4 Nf4 11. c5 Bf8 12. c6 bxc6 13. dxc6 Nxe2+ 14. Qxe2 Nf6 15. Bg5 h6 16. Bxf6 Qxf6 17. Nd5 Qd8 18. Nd2 f5 19. f3 Be6 20. Qd3 h5 21. Nb1 Bh6 22. Nbc3 Rf8 23. a4 Rf7 24. b5 Qg5 25. a5 Raf8 26. Rab1 Rb8 27. Kh1 Qh4 28. Rfd1 Qf2 29. Qf1 Qc5 30. Qg1 Qxg1+ 31. Kxg1 fxe4 32. fxe4 Kg7 33. Rf1 Bd2 34. Rxf7+ Bxf7 35. Rb2 Bxd5 36. Rxd2 Bc4 37. Rb2 Kf7 38. Rb4 Be6 39. Kf2 Ke7 40. Ke3 Bf7 41. Kd3 Be6 42. Rb2 Rf8 43. b6 axb6 44. axb6 cxb6 45. Rxb6 Rf2 46. Rb7+ Kd8 47. Nb5 1-0

[Site "Europe Echecs"]

[Event "Championnat d'Europe Rapide"]
[Date "2024.12.08"]
[White "Kuzubov, Yuriy"]
[Black "Koelle, Tobias"]
[WhiteElo "2595"]
[BlackElo "2437"]
[Round "9.27"]
[Result "1/2-1/2"]
[TimeControl "900+10"]

1. d4 Nf6 2.
Nf3 d5 3. c4 e6 4. Nc3 c5 5. cxd5 cxd4 6. Qxd4 exd5 7. Bg5 Be7 8. e3 O-O 9. Bb5 h6 10. Bh4 Nc6 11. Qa4 Bd7 12. O-O a6 13. Bxc6 bxc6 14. Ne5 Qc7 15. Nxd7 Qxd7 16.
Rfd1 Qe6 17.
Ne2 Rab8 18.
Nd4 Qe4 19.
Bxf6 Bxf6 20. b4 Rb6 21. Rac1 Bxd4 22. Rxd4 Qe7 23. h3 Ra8 24. Rc5 Qb7 25. Qc2 Rxb4 26. Rxb4 Qxb4 27. Rxc6 a5 28. Qd1 Rb8 29. Kh2 Rd8 30. Qd4 Qxd4 31. exd4 Rb8 32. Ra6 Rb4 33. Rxa5 Rxd4 34. Kg3 g5 35. Kf3 Rd2 36. Ke3 Rb2 37. a4 d4+ 38. Kxd4 Rxf2 39. g4 Rh2 40. Re5 Rxh3 41. Re3 Rh1 42. Ra3 Rg1 43. a5 Rxg4+ 44. Kd5 Rb4 45. a6 Rb8 46. Kc6 Kg7 47. a7 Ra8 48. Kb7 Rxa7+ 49. Rxa7 Kf6 50. Kc6 Ke5 51. Re7+ Kf4 52. Rxf7+ Ke4 53. Re7+ Kf3 54. Rf7+ Ke4 55. Rg7 Kf3 56. Kd5 g4 57. Rf7+ Ke3 58. Re7+ Kf3 59. Kd4 g3 60. Rf7+ Ke2 61. Rg7 Kf2 62. Ke4 g2 63. Rxg2+ Kxg2 64. Kf5 1/2-1/2

[Site "Europe Echecs"]

[Event "Championnat d'Europe Rapide"]
[Date "2024.12.08"]
[White "Laurusas, Tomas"]
[Black "Baskin, Robert"]
[WhiteElo "2578"]
[BlackElo "2442"]
[Round "9.28"]
[Result "1-0"]
[TimeControl "900+10"]

1. d4 d5 2. c4 c6 3. Nf3 Nf6 4. Nc3 dxc4 5. a4 Bf5 6. Ne5 e6 7. Nxc4 c5 8. dxc5 Qxd1+ 9. Nxd1 Bxc5 10. f3 Nc6 11. e4 Bg6 12. Be3 Bxe3 13. Ndxe3 Ke7 14. Be2 Rhd8 15. Kf2 Nd7 16. a5 Nc5 17. Ra3 Rac8 18. h4 h5 19. Nc2 f6 20. Rc1 Nd7 21. Rc3 Nce5 22. Nxe5 Nxe5 23. Ne3 Rxc3 24. Rxc3 Be8 25. Rc7+ Rd7 26. Rxd7+ Bxd7 27. f4 Nc6 28. Nc4 Be8 29. e5 Nd4 30. Nd6 Nxe2 31. Kxe2 Bc6 32. g3 Kd7 33. Ke3 f5 34. Kd4 b6 35. Kc4 Kc7 36. Kb4 Kd8 37. Nb5 1-0

[Site "Europe Echecs"]

[Event "Championnat d'Europe Rapide"]
[Date "2024.12.08"]
[White "Smeets, Jan"]
[Black "Stanojoski, Zvonko"]
[WhiteElo "2552"]
[BlackElo "2401"]
[Round "9.29"]
[Result "1-0"]
[TimeControl "900+10"]

1. e4 c5 2. Nf3 Nc6 3. Bb5 Nf6 4. Nc3 g6 5. Bxc6 dxc6 6. d3 Bg7 7. Be3 b6 8. h3 Nd7 9. Qd2 h6 10. O-O e5 11. Nh2 Nf8 12. f4 exf4 13. Bxf4 Ne6 14. Bg3 Nd4 15. Rae1 Be6 16. Nd1 Qd7 17. Ne3 O-O-O 18.
Nhg4 c4 19.
c3 cxd3 20.
cxd4 Qxd4 21. e5 h5 22. Rf4 Qc5 23. Rc1 Qa5 24. Rxc6+ Kb7 25. Qxa5 bxa5 26. Rxe6 fxe6 27. Rf7+ Ka8 28. Rxg7 hxg4 29. hxg4 d2 30. Nd1 Rd5 31. Rxg6 Rc8 32. Kf2 Rd3 33. Bf4 Rd4 34. Ke3 Ra4 35. g3 Rxa2 36. Kxd2 a4 37. Ke3 Ra1 38. Ke2 Rb1 39. Rxe6 Rc2+ 40. Bd2 Rc4 41. g5 Re4+ 42. Be3 Rxd1 43.
Kxd1 Rxe3 44. g6 Rxg3 45. Ke2 Kb7 46. Kf2 Rg5 47. Kf3 Kc7 48. Kf4 Rg2 49. Ra6 Kb7 50. Rxa4 Rxg6 51. Rd4 Rg2 52. b4 1-0

[Site "Europe Echecs"]